 BcadrenCrawl: Boulder Brew version 0.05.32 (webtiles) character file.

Game seed: 12648701479677523597, levelgen mode: deterministic

417 diana the Cutter (level 6, -12/43 HPs) Oozomorph Gladiator. Began on Oct 4, 2021. Mangled by a crocodile (17 damage) ... on level 2 of the Dungeon. The game lasted 00:05:20 (1711 turns).

diana the Cutter (Oozomorph Gladiator)              Turns: 1711, Time: 00:05:21

Health: -12/43     AC:  4    Str: 16    XL:     6 ^: 137
Magic:  7/7        EV: 12    Int:  8    God:
Gold:   63         SH:  0    Dex: 15    Spells: 5/5 levels left

rFire    . . .     Vision   .   a - +0 rapier
rCold    . . .     Gourm    .   j - +0 dagger
rNeg     . . .     Faith    .   b - +0 leather armour
rCorr    + + +     Spirit   .   c - +0 helmet
rPois    .         Reflect  .   (no armour)
rElec    .         Harm     .   (no armour)
MR       .....                  (no armour)
Stlth    +.........             (no armour)
HPRegen  0.24/turn              (nothing subsumed)
MPRegen  0.17/turn              g - amulet of the acrobat
                                (no ring)
                                (no ring)

@: no status effects
A: cytoplasmic subsumption, amorphous body, gelatinous body 1
a: Subsume Item


You were on level 2 of the Dungeon.
You were hungry.

You visited 1 branch of the dungeon, and saw 2 of its levels.

You collected 63 gold pieces.

Inventory:

Weapons
 a - a +0 rapier (weapon)
 j - a +0 dagger (weapon)
Armour
 b - a +0 leather armour (worn)
 c - a +0 helmet (worn)
Jewellery
 g - an amulet of the acrobat (around neck)
Wands
 d - a wand of ensnaring (9)
Scrolls
 e - a scroll of teleportation
 h - a scroll of acquirement
Potions
 i - a potion of beneficial mutation
Comestibles
 f - 5 rations


   Skills:
 + Level 4.1 Fighting
 + Level 4.7 Short Blades
 + Level 2.7 Armour
 + Level 3.7 Dodging
 - Level 2.0 Evocations


You had 5 spell levels left.
You didn't know any spells.
Your spell library was empty.

Dungeon Overview and Level Annotations

Branches:
Dungeon (2/8)

Altars:


Innate Abilities, Weirdness & Mutations

You may subsume any weapon, armour, or jewellery into your cytoplasm to benefit from its magical properties.
Your body is completely amorphous, allowing you to wear any combination of armour.
You have seven amorphous slots; replacing the normal gear slots.
Body armours and bardings take two slots, all other armours take one.
Your gelatinous form is immune to acid, constriction and sticky flames. (rCorr+, Slime)


Message History

You are too injured to fight recklessly!
You are too injured to fight recklessly!
You are too injured to fight recklessly!
You are too injured to fight recklessly!
You are too injured to fight recklessly!
You are too injured to fight recklessly!
You hit the crocodile (3). You hit the crocodile (2).
The crocodile is severely wounded. (11/29) HP The crocodile closely misses you (0).
You closely miss the crocodile. You hit the crocodile but do no damage.
The crocodile is severely wounded. (11/29) HP The crocodile closely misses you (0).
You hit the crocodile (2). You hit the crocodile (3).
The crocodile is severely wounded. (6/29) HP The crocodile bites you (10)!
* * * LOW HITPOINT WARNING * * *
You hit the crocodile but do no damage. x2
The crocodile is severely wounded. (6/29) HP The crocodile bites you (17)!
You die...

.≈# #..# #..## .
#...##
..####....## ≈≈
.≈≈≈≈......##≈≈≈
#≈.....t..≈≈≈≈
#...@..#.≈≈
####.......#
#≈≈#..≈....#
#...#.....#
##..#≈≈≈≈##
#..##.≈##
#≈.#≈.##
##÷≈##.≈ #..≈#
≈≈#


You could see a crocodile.

Vanquished Creatures
  2 bullfrogs (D:2)
  A jelly (D:2)
  3 giant cockroaches
  An adder (D:2)
  14 sewer rats
  5 cinder newts
  2 oozes (D:2)
  A worm (D:2)
  A dart slug (D:1)
  2 leopard geckos (D:2)
  2 ball pythons (D:2)
  2 cinder newt skeletons (D:2)
  3 hobgoblins (D:1)
  2 kobolds (D:1)
  2 bats
  A bat skeleton (D:2)
  2 goblins (D:1)
  A hobgoblin skeleton (D:2)
  A kobold skeleton (D:2)
  4 rats
52 creatures vanquished.

Vanquished Creatures (others)
  A worm (D:2)
  A leopard gecko (D:2)
  4 slimeheads (D:2)
  75 withered plants (D:2)
81 creatures vanquished.

Grand Total: 133 creatures vanquished

Notes
Turn   | Place    | Note
-------+----------+-------------------------------------------
     0 | D:1      | diana the Oozomorph Gladiator began the quest for the Orb.
     0 | D:1      | Reached XP level 1. HP: 14/14 MP: 2/2
    54 | D:1      | Reached XP level 2. HP: 20/20 MP: 3/3
   241 | D:1      | Reached skill level 1 in Armour
   241 | D:1      | Reached XP level 3. HP: 23/25 MP: 4/4
   280 | D:1      | Identified a scroll of acquirement
   594 | D:2      | Reached XP level 4. HP: 5/30 MP: 5/5
   853 | D:2      | Reached XP level 5. HP: 34/36 MP: 6/6
  1329 | D:2      | Reached XP level 6. HP: 38/43 MP: 7/7
  1711 | D:2      | Mangled by a crocodile

Levels and vault maps discovered:
D:1:      psy_arrival_fountain, layout_cave_pools, serial_bayou_pond_a
D:2:      layout_sewer

Skill      XL: |  1  2  3  4  5  6 |
---------------+-------------------+-----
Armour         | 1 2 |  2.7
Fighting       | 3 4 |  4.1
Short Blades   | 4 |  4.7
Dodging        | 3 |  3.7
Evocations     | |  2.0

Action                   |  1- 3 |  4- 6 || total
-------------------------+-------+-------++-------
Melee: Rapier            |    55 |   209 ||   264
       Unarmed           |    34 |       ||    34
       Dagger            |     6 |   182 ||   188
  Use: Scroll            |       |     1 ||     1
 Stab: Sleeping          |     2 |       ||     2
  Eat: Chunk             |       |     3 ||     3
Armor: Skin              |    16 |    77 ||    93
Dodge: Dodged            |    29 |   229 ||   258
